[Event "*** Qualifier 2: Titled Tuesday 3|2 Blitz"]
[Site "Chess.com"]
[Date "2017.04.11"]
[Round "3"]
[White "RitvarsReimanis"]
[Black "TenisMaster"]
[Result "1/2-1/2"]
[WhiteElo "2415"]
[BlackElo "2641"]
[TimeControl "180+2"]
[EndTime "13:38:00 PDT"]
[Termination "Game drawn by repetition"]

1. d4 Nf6 2. c4 e6 3. Nc3 Bb4 4. e3 O-O 5. Ne2 d5 6. a3 Be7 7. cxd5 exd5 8. g3 c6 9. Bg2 Na6 10. O-O Nc7 11. Re1 Re8 12. Nf4 h6 13. b3 Bf5 14. Bb2 Bh7 15. Nd3 Ne6 16. Ne5 Nd7 17.
Nxd7 Qxd7 18. Rc1 Ng5 19. h4 Ne4 20. Nxe4 Bxe4 21. Bxe4 dxe4 22. Kg2 Rad8 23. b4 Qe6 24. Qe2 Rd5 25. Rh1 Bd6 26. Rc2 a6 27. h5 Rf5 28. Rh4 Rf3 29. Rd2 Qf5 30. d5 cxd5 31.
Qd1 Re6 32. Rxd5 Rxf2+ 33. Kg1 Qf3 34. Qxf3 Rxf3 35. Rg4 f6 36. Bd4 Rxg3+ 37. Rxg3 Bxg3 38. Rd7 b5 39. Kg2 Be5 40. Bc5 f5 41. Kh3 f4 42.
exf4 Bxf4 43. Kg4 Bc1 44. Kf5 Rf6+ 45. Kxe4 Bxa3 46. Rd8+ Kh7 47. Rd7 Bc1 48. Bd4 Rf4+ 49. Ke5 Rg4 50. Kf5 Rg5+ 51. Ke4 Ba3 52. Bc3 Bc1 53.
Ra7 Kg8 54. Ra8+ Kf7 55. Ra7+ Kg8 56. Ra8+ Kh7 57. Ra7 Ba3 58. Kf4 Bc1+ 59. Ke4 Kg8 60. Ra8+ 1/2-1/2

[Event "*** Qualifier 2: Titled Tuesday 3|2 Blitz"]
[Site "Chess.com"]
[Date "2017.04.11"]
[Round "3"]
[White "Feegus"]
[Black "Konavets"]
[Result "1-0"]
[WhiteElo "2384"]
[BlackElo "2579"]
[TimeControl "180+2"]
[EndTime "13:38:00 PDT"]
[Termination "Feegus won by resignation"]

1. d4 f5 2. c4 Nf6 3. Nc3 g6 4. h4 Bg7 5. h5 Nxh5 6. e4 Nf6 7. e5 Ng8 8. Nf3 d6 9. Qb3 Nc6 10. Bf4 h6 11. O-O-O g5 12. Bh2 g4 13. Ne1 h5 14. f3 a5 15. Bf4 e6 16. exd6 Nxd4 17. Rxd4 Bxd4 18. dxc7 Qf6 19. Nd3 Ne7 20. Nb5 e5 21. Nxd4 exf4 22. Nb5 a4 23. Qb4 Nc6 24. Qe1+ Kf7 25. a3 Be6 26. Nd6+ Kg6 27. Nxf4+ Kg5 28. Nxe6+ Kh6 29. fxg4 Qe5 30. Rxh5+ Kg6 31. gxf5+ Kxh5 32. Be2+ Qxe2 33. Qxe2+ Kh4 34. Qe4+ Kg3 35. Qf3+ Kh2 36. Qf4+ Kh1 37. g4 Na5 38. Qf1+ Kh2 39. Ne4 Nb3+ 40. Kb1 Rh3 41. Qf2+ Kh1 42. Ng3+ Rxg3 43. Qxg3 Rh8 44. Qf3+ Kg1 45. f6 Nd2+ 46. Ka2 Nxf3 47. f7 Rh1 48. f8=Q Nd2 49. Qc5+ Kf1 50. Qf5+ Ke2 51.
c8=Q Nb3 52. Qc2+ Ke3 53. Qc5+ Nxc5 54. Nxc5 Rg1 55. Qe4+ Kd2 56. Qd4+ 1-0

[Event "*** Qualifier 2: Titled Tuesday 3|2 Blitz"]
[Site "Chess.com"]
[Date "2017.04.11"]
[Round "3"]
[White "Ginger_GM"]
[Black "JoachimBN"]
[Result "0-1"]
[WhiteElo "2431"]
[BlackElo "2544"]
[TimeControl "180+2"]
[EndTime "13:38:01 PDT"]
[Termination "JoachimBN won by resignation"]

1. d4 e6 2. Nf3 Nf6 3. c4 c5 4. d5 exd5 5. cxd5 d6 6. Nc3 g6 7. Bf4 a6 8. a4 Bg7 9. e3 O-O 10. h3 Re8 11. Be2 Ne4 12. Nxe4 Rxe4 13. O-O Rb4 14. Nd2 Bxb2 15. Rb1 Bf5 16. e4 Bd7 17. Nc4 Bxa4 18. Qd2 Bf6 19. Rxb4 cxb4 20. Nxd6 Bc3 21. Qe3 Nd7 22. e5 Qe7 23. e6 fxe6 24.
dxe6 Nf6 25. Bf3 Bc6 26. Bxc6 bxc6 27. Nc4 Nd5 28. Qe4 Nxf4 29. Qxf4 Qxe6 30. Rd1 Rf8 31. Qh4 Qe2 32. Ne3 Be1 33. Kh2 Bxf2 34. Qc4+ Qxc4 35. Nxc4 c5 36. Rd7 h5 37. Ne5 h4 38. Nxg6 Rf6 39.
Ne7+ Kf8 40. Nd5 Rd6 41. Rxd6 Bg3+ 42. Kg1 Bxd6 43. Kf1 c4 44. Ke2 a5 45. Ne3 c3 46.
Kd3 Bc5 47. Nf5 Be7 48. Nd4 Bf6 49. Nc6 b3 50. Nxa5 b2 51. Kc2 Kf7 52. Nc4 Kg6 53. Ne3 Kg5 54. Nd5 Bh8 55. Ne3 Kf4 56. Nf1 Bd4 57.
Nh2 Kg3 58. Nf3 Bf6 59. Kb1 Kxg2 0-1

[Event "*** Qualifier 2: Titled Tuesday 3|2 Blitz"]
[Site "Chess.com"]
[Date "2017.04.11"]
[Round "3"]
[White "penguingm1"]
[Black "likantrophuss"]
[Result "1-0"]
[WhiteElo "2583"]
[BlackElo "2396"]
[TimeControl "180+2"]
[EndTime "13:38:06 PDT"]
[Termination "penguingm1 won by resignation"]

1. d4 f5 2. Nf3 Nf6 3. c4 g6 4.
Nc3 Bg7 5. Bf4 d6 6. e3 Na6 7.
Qb3 c5 8. Rd1 O-O 9. Be2 Rb8 10. O-O Kh8 11. h3 Be6 12. Bh2 Qa5 13. a3 Rfc8 14. d5 Bd7 15. Qc2 Nc7 16. a4 a6 17. Ra1 b6 18. Ra3 Ne4 19. Nxe4 fxe4 20. Qxe4 Re8 21. Qc2 Qb4 22. Ra2 b5 23. axb5 axb5 24.
b3 bxc4 25. bxc4 Qb6 26. e4 Na6 27. Qd2 Nb4 28. Ra3 Ra8 29. Rxa8 Rxa8 30. e5 Bf5 31. Qe3 Nc2 32. Qg5 dxe5 33. Bxe5 Bf6 34. Qf4 Nb4 35.
g4 Ra2 36. gxf5 Rxe2 37. fxg6 Kg7 38. gxh7 Bxe5 39. Nxe5 Qf6 40. Qxf6+ exf6 41. Nd7 Kxh7 42. Nxf6+ Kg6 43. Nd7 Nd3 44. Kg2 Re7 45. Nb8 Kf5 46. Nc6 Ne1+ 47. Kh2 Nf3+ 48. Kg3 Nd2 49. Nxe7+ 1-0

[Event "*** Qualifier 2: Titled Tuesday 3|2 Blitz"]
[Site "Chess.com"]
[Date "2017.04.11"]
[Round "3"]
[White "FairChess_on_YouTube"]
[Black "Cayse"]
[Result "0-1"]
[WhiteElo "2707"]
[BlackElo "2609"]
[TimeControl "180+2"]
[EndTime "13:38:10 PDT"]
[Termination "Cayse won by resignation"]

1. d4 Nf6 2. Bg5 d5 3. Nd2 e6 4. e3 Be7 5. Bd3 Nbd7 6. f4 b6 7. Ngf3 Bb7 8. O-O O-O 9. c3 Ne4 10. Bxe7 Qxe7 11. Ne5 f5 12. Nxd7 Qxd7 13. Nf3 c5 14.
Ne5 Qe7 15. g4 Nd6 16. Kh1 a5 17. Rg1 Ba6 18. Bc2 Nc4 19. Nxc4 dxc4 20. h3 b5 21. Kh2 Bb7 22. Qe2 Bd5 23. Rg3 Ra7 24. Rag1 cxd4 25. exd4 Qd6 26. Qe5 Qxe5 27. dxe5 fxg4 28. Rxg4 b4 29.
Rf1 b3 30. axb3 cxb3 31. Bd3 a4 32. Ra1 Rc8 33. f5 a3 34. c4 exf5 35. Bxf5 Rxc4 36.
Rg3 Rf4 37. Rd3 axb2 38. Rxa7 Rxf5 39. Rd1 Rxe5 40. Ra3 Re2+ 41. Kg3 g5 42. Kg4 Rg2+ 43. Kf5 Bf7 44. Kf6 Rf2+ 45. Kxg5 Kg7 46. Rb1 Bg6 47. Ra7+ Kg8 48. Ra8+ Kf7 49. Ra7+ Kf8 50. Ra8+ Ke7 51.
Re1+ Kd7 52. Ra7+ Kc6 53. Ra6+ Kb5 54. Rxg6 hxg6 55. Kxg6 Rc2 56. Rb1 Kc4 57. h4 Kc3 58. h5 Rc1 59. h6 Rxb1 0-1

[Event "*** Qualifier 2: Titled Tuesday 3|2 Blitz"]
[Site "Chess.com"]
[Date "2017.04.11"]
[Round "3"]
[White "Spartakus1975"]
[Black "Bugcrusher"]
[Result "1-0"]
[WhiteElo "2538"]
[BlackElo "2390"]
[TimeControl "180+2"]
[EndTime "13:38:11 PDT"]
[Termination "Spartakus1975 won by checkmate"]

1. e4 c6 2. Nf3 d5 3. Nc3 a6 4. d4 Bg4 5. h3 Bh5 6. Bd3 e6 7. O-O Nf6 8. e5 Nfd7 9. g4 Bg6 10.
Ne2 c5 11. c3 Nc6 12. a3 Be7 13. Kg2 cxd4 14. cxd4 Nb6 15. b3 Qd7 16. Be3 Na7 17.
Nf4 O-O 18. h4 Rac8 19. h5 Bxd3 20. Qxd3 Nb5 21. a4 Nc3 22. Nd2 Bg5 23. a5 Na8 24.
Rfc1 Nb5 25. Nh3 Bxe3 26. Qxe3 Rxc1 27. Rxc1 Rc8 28. Rxc8+ Qxc8 29. h6 g6 30. Qf4 Nac7 31.
Ng5 Qd7 32. Ndf3 Ne8 33. Ne1 Qe7 34. Nd3 Nxd4 35. Nxf7 Ne2 36. Qe3 Qxf7 37. Qxe2 Qc7 38. Qf3 Qc3 39. b4 Qd4 40. Kg3 Qc3 41. Qe3 Nc7 42.
Kg2 d4 43. Qf3 Nd5 44. Nc5 Qxb4 45. Nxe6 d3 46. Ng5 Nf4+ 47. Kg3 d2 48. Ne4 g5 49. Nxg5 Qd4 50. Qb3+ Nd5 51. Qxb7 Qxe5+ 52. Kh4 d1=Q 53. Qf7+ Kh8 54. Qf8# 1-0

[Event "*** Qualifier 2: Titled Tuesday 3|2 Blitz"]
[Site "Chess.com"]
[Date "2017.04.11"]
[Round "3"]
[White "Fandorine"]
[Black "sergiochess83"]
[Result "1-0"]
[WhiteElo "2671"]
[BlackElo "2591"]
[TimeControl "180+2"]
[EndTime "13:38:20 PDT"]
[Termination "Fandorine won by resignation"]

1. e4 e5 2. Bc4 Nc6 3. d3 Nf6 4. Nc3 Bb4 5. Ne2 d5 6. exd5 Nxd5 7.
Bxd5 Qxd5 8. O-O Qd8 9. f4 O-O 10. f5 f6 11. Ne4 Ne7 12. N2g3 b6 13. Kh1 Bd6 14. Qf3 Bd7 15. Bd2 Kh8 16. Rae1 Qe8 17.
b3 Qf7 18. a4 Rac8 19. Bc3 Nd5 20. Bb2 Bb4 21. c3 Bd6 22. c4 Ne7 23. d4 exd4 24.
Nxd6 cxd6 25. Ne4 Rc6 26. Ba3 Nxf5 27. Qf4 Rd8 28. Bxd6 g5 29. Nxg5 fxg5 30. Be5+ Rf6 31. Qxg5 Rf8 32. Rxf5 Bxf5 33. Qxf5 Kg8 34. Bxf6 Qxf6 35.
Qxf6 Rxf6 36. Kg1 Kg7 37. Rd1 Rf4 38. g3 Re4 39. Kf2 Re3 40. b4 Rb3 41. b5 Rb4 42.
Rxd4 Rxa4 43. Ke3 Kf6 44. Ke4 Ra2 45. h4 Ke6 46. Kf4 Rc2 47. Kg5 Ke5 48. Rd7 Rxc4 49.
Rxh7 Rc5 50. Rxa7 Ke4+ 51. Kg4 Rxb5 52. Re7+ Kd5 53. h5 Kd6 54. Re1 Rb2 55. Rh1 1-0

[Event "*** Qualifier 2: Titled Tuesday 3|2 Blitz"]
[Site "Chess.com"]
[Date "2017.04.11"]
[Round "3"]
[White "ehrenfeld"]
[Black "justantan"]
[Result "0-1"]
[WhiteElo "2315"]
[BlackElo "2240"]
[TimeControl "180+2"]
[EndTime "13:38:39 PDT"]
[Termination "justantan won by resignation"]

1. e4 e6 2. d3 d5 3. Qe2 Be7 4. Nf3 Nf6 5. g3 O-O 6. Bg2 c5 7. e5 Nfd7 8. c4 Nb6 9. O-O Bd7 10. Rd1 Bc6 11. Nc3 N8d7 12. h4 Qc7 13. Bf4 Na4 14. Nxa4 Bxa4 15. cxd5 Bxd1 16. Rxd1 exd5 17.
e6 Bd6 18. Bxd6 Qxd6 19. exd7 Qxd7 20. d4 Rfe8 21. Qd2 c4 22. Ne5 Qd6 23. Qa5 Red8 24. b3 f6 25. Ng4 b6 26. Qc3 Rac8 27. Ne3 Qe6 28. bxc4 dxc4 29. d5 Qe5 30. Qa3 c3 31. Qb3 Kh8 32. Bh3 Rc5 33. Bf5 c2 34. Bxc2 Rc3 35.
Qb5 Rxe3 36. fxe3 Qxg3+ 37. Kf1 Qf3+ 38. Ke1 Qxe3+ 39. Qe2 Qg1+ 40. Kd2 Qd4+ 41. Kc1 Qa1+ 42. Kd2 Rxd5+ 43. Ke1 Qc3+ 44. Kf2 Qc5+ 45. Kg2 g6 46.
Rxd5 Qxd5+ 47. Qe4 Qxa2 48. Qe8+ Kg7 49. Qe7+ Qf7 50.
Qxf7+ Kxf7 51. Bd3 Ke6 52. Kf3 Ke5 53. Bb5 a5 54. Be8 g5 55. h5 h6 56. Ke3 f5 57.
Kf3 Kd4 58. Bd7 f4 59. Kg4 Ke3 60. Kf5 f3 61. Kg6 f2 62. Bb5 g4 63. Kxh6 g3 64. Bf1 a4 65. Kg6 a3 66. h6 a2 67. h7 a1=Q 0-1

[Event "*** Qualifier 2: Titled Tuesday 3|2 Blitz"]
[Site "Chess.com"]
[Date "2017.04.11"]
[Round "3"]
[White "Alexander_Moskalenko"]
[Black "Zhani-Z"]
[Result "1-0"]
[WhiteElo "2654"]
[BlackElo "2415"]
[TimeControl "180+2"]
[EndTime "13:38:41 PDT"]
[Termination "Alexander_Moskalenko won on time"]

1. e4 e5 2. Nf3 Nc6 3. Bc4 Bc5 4.
O-O d6 5. c3 Nf6 6. d3 Bb6 7.
a4 a5 8. Na3 Ne7 9. Re1 Ng6 10.
h3 c6 11. Bb3 O-O 12. Nc4 Bc7 13. Ne3 Re8 14. Nf5 d5 15. Ng3 h6 16. Qc2 Be6 17. Nf1 Qd7 18. N3h2 Rad8 19. Bd2 dxe4 20. Bxe6 Qxe6 21.
dxe4 Nf4 22. Ng3 Bb6 23. Be3 Bxe3 24. Rxe3 Rd7 25. Rd1 Red8 26. Rxd7 Qxd7 27. Nf3 Qd1+ 28. Qxd1 Rxd1+ 29. Re1 Rxe1+ 30. Nxe1 Nd7 31. Nf5 Nc5 32. Nd6 Kf8 33. Nc4 Nxa4 34. Nxa5 Nxb2 35. Nxb7 Ne2+ 36.
Kf1 Nxc3 37. Nf3 f6 38. Nd8 Nxe4 39. Ke2 c5 40. Ke3 Ke7 41. Nc6+ Kd6 42. Ncxe5 fxe5 43. Kxe4 Nd1 44. Nxe5 Nxf2+ 45. Kf5 Kd5 46. Nf3 c4 47.
Ne1 c3 48. Kg6 Kd4 49. Kxg7 Ke3 50. Nc2+ Kd2 51. Na3 h5 52. Kg6 h4 53. Kg5 Kc1 54.
Nb5 1-0

[Event "*** Qualifier 2: Titled Tuesday 3|2 Blitz"]
[Site "Chess.com"]
[Date "2017.04.11"]
[Round "3"]
[White "platy3"]
[Black "johnathan113"]
[Result "0-1"]
[WhiteElo "2640"]
[BlackElo "2437"]
[TimeControl "180+2"]
[EndTime "13:38:44 PDT"]
[Termination "johnathan113 won on time"]

1. e4 c5 2. Nf3 g6 3. d4 cxd4 4.
Nxd4 Nc6 5. c4 Bg7 6. Nc2 Nf6 7.
Nc3 O-O 8. Be2 d6 9. O-O Be6 10. Rb1 Nd7 11. Bd2 Rc8 12. Nd5 Nc5 13.
f3 a5 14. b3 f5 15. exf5 Bxf5 16. Be3 e6 17. Nf4 Bxc2 18. Qxc2 Bd4 19. Qd2 Rxf4 20.
Rbd1 Bxe3+ 21. Qxe3 Rf8 22. f4 Qe7 23. Bg4 Rcd8 24. Rfe1 Rfe8 25. Bf3 Nb4 26. Rd2 Qf6 27. a3 Nc6 28. b4 axb4 29. Bxc6 bxc6 30. axb4 Na4 31.
Rc2 Rb8 32. Qa7 Nb6 33. Qc7 Qd4+ 34. Kh1 Nxc4 35. Qxc6 Ne3 36. Rce2 Qd5 37. Qc3 Nf5 38.
Qf6 Rf8 39. Qc3 Rbc8 40. Qb2 Rce8 41. b5 Nd4 42. Rd2 Rxf4 43. b6 Ref8 44. Qa1 Rf2 45. Rxf2 Rxf2 46. Rg1 Ne2 47. Qe1 Ng3+ 0-1

[Event "*** Qualifier 2: Titled Tuesday 3|2 Blitz"]
[Site "Chess.com"]
[Date "2017.04.11"]
[Round "3"]
[White "rasmussvane"]
[Black "TheLancer"]
[Result "1-0"]
[WhiteElo "2533"]
[BlackElo "2469"]
[TimeControl "180+2"]
[EndTime "13:38:44 PDT"]
[Termination "rasmussvane won by resignation"]

1. Nf3 c5 2. c4 g6 3. e4 Bg7 4. d4 cxd4 5. Nxd4 Nc6 6. Be3 Nf6 7.
Nc3 d6 8. Be2 Nxd4 9. Bxd4 O-O 10. O-O Bd7 11. b4 a5 12. a3 Be6 13. f3 Nd7 14. Bxg7 Kxg7 15. Qd4+ f6 16. Rfb1 axb4 17. axb4 Rxa1 18. Rxa1 Qb6 19. Qxb6 Nxb6 20. Ra7 Nxc4 21. Rxb7 Kf7 22. Bxc4 Bxc4 23. Rc7 Be6 24. Kf2 Ra8 25.
b5 Ke8 26. Ke3 Kd8 27. Rb7 Bc8 28. Rb6 Be6 29. Ra6 Rc8 30. Kd2 Rb8 31. Kd3 Rc8 32.
Ra7 Bc4+ 33. Kd4 Be6 34. Nd5 Bxd5 35. Kxd5 Rc5+ 36. Ke6 Re5+ 37. Kf7 f5 38. b6 Rb5 39. exf5 Rxf5+ 40. Kg7 Rb5 41. Kxh7 Rxb6 42. Kxg6 Rb2 43. g4 Rxh2 44. f4 Rf2 45. f5 Rf4 46. g5 d5 47.
Ra5 d4 48. Rd5+ Ke8 49. Kg7 Rg4 50. g6 Rh4 51. Re5 Rf4 52. Rd5 Rh4 53. Kg8 Rh5 54. g7 e6 55. f6 Rxd5 56. f7+ Kd7 57. f8=Q d3 58. Qf7+ Kd6 59. Qf4+ e5 60. Qd2 e4 61. Kf7 e3 62. Qb4+ Ke5 63. g8=Q Rd7+ 64. Ke8 1-0

[Event "*** Qualifier 2: Titled Tuesday 3|2 Blitz"]
[Site "Chess.com"]
[Date "2017.04.11"]
[Round "3"]
[White "evgenyermolaev"]
[Black "prochn"]
[Result "1-0"]
[WhiteElo "2380"]
[BlackElo "2223"]
[TimeControl "180+2"]
[EndTime "13:38:48 PDT"]
[Termination "evgenyermolaev won by checkmate"]

1. e4 c6 2. d4 d5 3. f3 dxe4 4.
fxe4 e5 5. Nf3 Bg4 6. Bc4 Nf6 7. Bxf7+ Kxf7 8. Nxe5+ Ke8 9. Nxg4 Nxg4 10. Qxg4 Qxd4 11. Qc8+ Qd8 12. Qxd8+ Kxd8 13. Nc3 Bb4 14. Bg5+ Ke8 15. O-O-O Nd7 16. e5 Be7 17. Ne4 Bxg5+ 18. Nxg5 Nc5 19. b4 h6 20. bxc5 hxg5 21. e6 Rd8 22. h3 Ke7 23. Rhe1 Rxd1+ 24. Kxd1 Rd8+ 25. Ke2 Kxe6 26. Kf3+ Kf5 27.
Re7 Rd5 28. Rxg7 Rxc5 29. Rf7+ Kg6 30. Rxb7 Rc3+ 31. Kg4 Rc4+ 32. Kg3 Rc3+ 33. Kh2 a5 34.
Ra7 Rc5 35. Ra6 Kf5 36. Kg3 Rc3+ 37. Kh2 Rc5 38. Kg3 Rc3+ 39. Kh2 Rc5 40. Ra8 Ke4 41. Kg3 Kd4 42. Kg4 Kc3 43. g3 Kxc2 44. h4 gxh4 45. gxh4 Kb2 46. h5 Rc4+ 47. Kg5 a4 48. h6 Rc5+ 49. Kg6 Rc4 50. h7 Rh4 51. Rxa4 Rxa4 52. h8=Q+ Kxa2 53. Qc3 c5 54. Qc2+ Ka3 55. Qxc5+ Rb4 56. Kf5 Kb3 57. Ke6 Ka4 58. Qa7+ Kb3 59. Qe3+ Ka4 60. Kd5 Rb5+ 61. Kc4 Rb4+ 62. Kc5 Rb5+ 63.
Kc6 Rb4 64. Qc3 Rb3 65. Qc4+ Rb4 66. Qa2# 1-0

[Event "*** Qualifier 2: Titled Tuesday 3|2 Blitz"]
[Site "Chess.com"]
[Date "2017.04.11"]
[Round "3"]
[White "GianmarcoVaR"]
[Black "Marcus_Harvey"]
[Result "0-1"]
[WhiteElo "2490"]
[BlackElo "2501"]
[TimeControl "180+2"]
[EndTime "13:38:59 PDT"]
[Termination "Marcus_Harvey won by resignation"]

1. d4 e6 2. c4 f5 3. g3 Nf6 4.
Bg2 Be7 5. Nf3 O-O 6. O-O d6 7.
Nc3 a5 8. Qc2 Nc6 9. a3 e5 10.
dxe5 dxe5 11. Bg5 e4 12. Rad1 Qe8 13. Nd4 Nxd4 14. Rxd4 c6 15. Bf4 Be6 16. Bd6 Bxd6 17. Rxd6 Bxc4 18. Nxe4 fxe4 19. Qxc4+ Qf7 20. Qd4 Qe7 21. Bh3 Rfd8 22. Rxd8+ Rxd8 23. Qc3 Rd5 24. Rc1 h5 25. Qe3 Qe5 26. Kg2 Ng4 27. Bxg4 hxg4 28. Rc4 Qxb2 29. Rxe4 Qf6 30. Rxg4 Re5 31. Qb3+ Qf7 32.
Qc3 Rxe2 33. Rxg7+ Qxg7 34. Qc4+ Qf7 35. Qxe2 b5 36. Qg4+ Kh7 37. Qe4+ Qg6 38. Qe7+ Qg7 39. Qc5 Qd7 40. Qc2+ Kg8 41. h4 Qd5+ 42. Kh3 b4 43. axb4 axb4 44. Qg6+ Kf8 45. h5 b3 46. h6 b2 47. Qg7+ Ke8 48. Qxb2 Qe6+ 49. Kg2 Qxh6 50. Qe5+ Kd7 51. f4 Qg6 52. f5 Qg4 53. f6 Qe6 54.
Qd4+ Ke8 55. g4 Kf7 56. g5 Kg6 57. Qh4 Qe2+ 58. Qf2 Qe4+ 59. Qf3 Qe6 60. Qf4 c5 61. Kg3 c4 62. Qd2 Qe5+ 63. Kg4 Qe4+ 64. Qf4 Qg2+ 65. Qg3 Qxg3+ 66. Kxg3 c3 67. f7 Kxf7 0-1

[Event "*** Qualifier 2: Titled Tuesday 3|2 Blitz"]
[Site "Chess.com"]
[Date "2017.04.11"]
[Round "3"]
[White "GMMelik"]
[Black "PelinGorki"]
[Result "1/2-1/2"]
[WhiteElo "2496"]
[BlackElo "2369"]
[TimeControl "180+2"]
[EndTime "13:39:09 PDT"]
[Termination "Game drawn by agreement"]

1. d4 d6 2. Nc3 Nf6 3. e4 c6 4. a4 a5 5. Nf3 Bg4 6. h3 Bh5 7. g4 Bg6 8. Bd3 e6 9. d5 exd5 10. exd5 Be7 11. Kf1 Nbd7 12. Kg2 O-O 13. Bf4 Re8 14. Bxg6 hxg6 15. dxc6 bxc6 16. Bxd6 Bxd6 17.
Qxd6 Re6 18. Qd3 Qb6 19. Rhe1 Nc5 20. Qc4 Rae8 21. Rxe6 Rxe6 22. Re1 Rxe1 23. Nxe1 Ne6 24. Nd3 Qc7 25. Ne2 Nd5 26. c3 g5 27. b4 axb4 28.
cxb4 Qb7 29. Kg1 Nb6 30. Qa2 Qa6 31. a5 Qxd3 32. axb6 Qb5 33. Qa8+ Kh7 34. b7 Qxe2 35. b8=Q Qe1+ 36. Kg2 Qe4+ 37. Kh2 Nf4 38. Qxf4 Qxf4+ 39.
Kg2 Qe4+ 40. Kg1 Qe1+ 41. Kg2 Qe4+ 42. Kg1 Qf3 43. Qa4 Qxh3 44. Qc2+ g6 45. Qc4 Qf3 46. Qd4 Qf4 47. Qd7 Qxb4 48. Qxf7+ Kh6 49. Qd7 Qe4 50.
Qc8 Kg7 51. Qd7+ Kf6 52. Qd8+ Ke6 53. Qxg5 Kd6 54. Qf6+ Kc5 55. f4 Qd4+ 56. Qxd4+ Kxd4 57. Kf2 Ke4 58. f5 gxf5 59. gxf5 Kxf5 60. Kf3 c5 61.
Ke3 Ke5 62. Kd3 Kd5 63. Kc3 c4 64. Kc2 Kc6 65. Kc3 Kb5 66. Kc2 Kb4 67. Kb2 c3+ 68.
Kc2 Kc4 69. Kc1 1/2-1/2

[Event "*** Qualifier 2: Titled Tuesday 3|2 Blitz"]
[Site "Chess.com"]
[Date "2017.04.11"]
[Round "3"]
[White "pKiLz5Rn9b"]
[Black "rubhani"]
[Result "1-0"]
[WhiteElo "2514"]
[BlackElo "2375"]
[TimeControl "180+2"]
[EndTime "13:39:36 PDT"]
[Termination "pKiLz5Rn9b won by resignation"]

1. d4 Nf6 2. Nf3 e6 3. Nbd2 d5 4. e3 c5 5. c3 Nc6 6. Bd3 Bd6 7.
dxc5 Bxc5 8. b4 Bd6 9. Bb2 O-O 10. O-O a6 11. Rc1 b5 12. Qe2 e5 13. e4 g6 14. Rfd1 dxe4 15. Nxe4 Nxe4 16. Bxe4 Qc7 17.
c4 Bb7 18. a4 bxa4 19. b5 Nd4 20. Nxd4 exd4 21. Bxb7 Qxb7 22. Bxd4 axb5 23. cxb5 a3 24. Ba1 Qb8 25. g3 Re8 26. Qc4 Be5 27. Rd7 Rf8 28.
h4 Bxa1 29. Rxa1 Qe5 30. Ra2 Rac8 31. Qf1 Rc3 32. b6 Qc5 33. Rc7 Rxg3+ 34. Kh2 Qd5 35.
Kxg3 Qxa2 36. Qb5 Qb2 37. Qa5 a2 38. Ra7 a1=Q 39. Qxa1 Qxb6 40. Ra4 Qd6+ 41. Kg2 Re8 42. Qc3 Qd5+ 43. Kh2 h5 44. Rc4 Qf5 45. Kg2 Kh7 46. Qd4 Re7 47. Rc3 Qe6 48. Qc4 Qf5 49. Rf3 Qd7 50.
Kg3 Qb7 51. Rf4 Qb8 52. Kg2 Qb7+ 53. Kg3 Rc7 54. Qe4 Qb3+ 55. Rf3 Qb8 56. Kg2 Qc8 57. Qd4 Kg8 58. Qf4 Rc4 59. Qxf7+ Kh8 60. Qf6+ Kh7 61. Qe7+ Kh6 62. Qe3+ Kg7 63. Qe5+ Kh6 64. Qg5+ Kg7 65. Rg3 Qc6+ 66. Kh2 Rc2 67. Qe7+ Kh6 68. Qe3+ Kh7 69. Rf3 Qc7+ 70. Kg2 Rc4 71. Qe6 Rg4+ 72. Kh3 Qd8 73. Rf7+ Kh6 74. Qe3+ g5 75. Qe6+ 1-0

[Event "*** Qualifier 2: Titled Tuesday 3|2 Blitz"]
[Site "Chess.com"]
[Date "2017.04.11"]
[Round "3"]
[White "Ilja_Semjonovs"]
[Black "dcremisi"]
[Result "1/2-1/2"]
[WhiteElo "2179"]
[BlackElo "2276"]
[TimeControl "180+2"]
[EndTime "13:40:03 PDT"]
[Termination "Game drawn by agreement"]

1. e4 e6 2. d4 d5 3. Nc3 dxe4 4.
Nxe4 Bd7 5. Nf3 Bc6 6. Bd3 Nd7 7. O-O Ngf6 8. Bg5 Be7 9. Nxf6+ Bxf6 10. Be3 e5 11. dxe5 Nxe5 12. Nxe5 Bxe5 13. Qh5 Qd5 14. Qg4 h5 15. Qg5 Bxb2 16. Rae1 O-O 17. Qg3 Rfe8 18. Kh1 Qxa2 19. f3 Be5 20. Qg5 g6 21. f4 Bg7 22. f5 Re5 23. Bd4 Rxe1 24. Rxe1 Qa5 25. Ra1 Qd5 26. Bxg7 Kxg7 27. f6+ Kg8 28. Qg3 Re8 29.
Bxg6 Qxg2+ 30. Qxg2 Bxg2+ 31. Kxg2 fxg6 32. Rxa7 Re2+ 33. Kg3 Rxc2 34. Rxb7 Kf7 35. Ra7 Kxf6 36. Ra6+ c6 37. Ra8 c5 38. Ra6+ Kg7 39. h4 c4 40.
Rc6 c3 41. Kf3 Rc1 42. Kg3 c2 43. Kg2 Kf7 44. Rc5 Ke6 45. Rc6+ Kd5 46. Rc8 Ke6 47. Rc6+ Kf5 48. Rc5+ Ke4 49. Rc8 Ke3 50. Re8+ Kd3 51. Rd8+ Ke4 52. Re8+ Kf5 53. Rc8 Ke4 54. Re8+ Kd3 55.
Rd8+ Ke4 56. Re8+ Kf5 57. Rc8 Re1 58. Rxc2 Kf4 59. Rc4+ Re4 60. Rc6 Re2+ 61. Kh3 Kf5 62. Rc5+ Re5 63. Rc3 Kf4 64. Rc6 Re3+ 65. Kh2 Re2+ 66.
Kh3 Re3+ 67. Kh2 Kf5 68. Rc5+ Re5 69. Rc3 Kg4 70. Rg3+ Kf5 71. Kh3 Kf4 72. Rxg6 Re3+ 73. Kh2 Re2+ 74. Kh3 Re3+ 75. Kh2 Re5 76. Rg5 Re2+ 77.
Kh3 Re3+ 78. Kh2 Kf3 79. Rxh5 Kg4 80. Rh8 Re2+ 81. Kg1 Kg3 82. Rg8+ Kxh4 83. Rh8+ Kg4 1/2-1/2

[Event "*** Qualifier 2: Titled Tuesday 3|2 Blitz"]
[Site "Chess.com"]
[Date "2017.04.11"]
[Round "3"]
[White "MorpheusPro"]
[Black "MaxLeto"]
[Result "1/2-1/2"]
[WhiteElo "2159"]
[BlackElo "2349"]
[TimeControl "180+2"]
[EndTime "13:41:03 PDT"]
[Termination "Game drawn by stalemate"]

1. d4 g6 2. Nf3 Bg7 3. Bf4 b6 4. e3 Bb7 5. Nbd2 d6 6. h4 h6 7. Bc4 Nd7 8. c3 e5 9. dxe5 dxe5 10. Bg3 Qe7 11. Qc2 Ngf6 12. O-O-O O-O-O 13. e4 Kb8 14. Rhe1 Nh5 15. Bh2 Nf4 16. Bxf4 exf4 17. Nb3 Ne5 18.
Nxe5 Bxe5 19. f3 Qxh4 20. Bxf7 Qf6 21. Bd5 c6 22. Bc4 h5 23. Rxd8+ Rxd8 24. Rd1 g5 25. Rxd8+ Qxd8 26. Bf7 Bc8 27. Bxh5 Qh8 28. Bf7 Qh1+ 29. Qd1 Qxg2 30. Bh5 Qh3 31. Bg4 Bxg4 32. fxg4 Qe3+ 33.
Nd2 Kc7 34. Qf3 Qg1+ 35. Kc2 b5 36. Qd3 Qxg4 37. Nf3 Qg2+ 38. Kb3 Bd6 39. e5 Be7 40. e6 g4 41. Qd7+ Kb6 42. Nd4 Qd5+ 43. Kc2 Qxd7 44.
exd7 Kc7 45. Ne6+ Kxd7 46. Nxf4 Kd6 47. Ng2 Ke5 48. Kd3 Bg5 49. b3 a6 50. c4 Bh6 51.
a3 Bg5 52. a4 bxa4 53. bxa4 Bh6 54. Nh4 Kf6 55. Ke4 Kg5 56. Ng2 Bg7 57. Ke3 Kf5 58.
Nh4+ Kg5 59. Ng2 c5 60. Ke4 Bd4 61. Nf4 Kh4 62. Nd3 Kh3 63. Nf4+ Kg3 64. Nh5+ Kh3 65. Nf4+ Kh4 66. Ne2 Kh3 67. Nxd4 cxd4 68. c5 g3 69. c6 g2 70. c7 g1=Q 71. c8=Q+ Kh4 72. Qh8+ Kg3 73.
Qg7+ Kf2 74. Qxg1+ Kxg1 75. Kxd4 Kf2 76. Kc5 Ke3 77. Kb6 Kd4 78. Kxa6 Kc5 79. a5 Kc6 80. Ka7 Kc7 81. Ka6 Kb8 82. Kb6 Ka8 83. a6 Kb8 84. a7+ Ka8 85. Ka6 1/2-1/2

[Event "*** Qualifier 2: Titled Tuesday 3|2 Blitz"]
[Site "Chess.com"]
[Date "2017.04.11"]
[Round "3"]
[White "Lector118"]
[Black "MITerryble"]
[Result "1/2-1/2"]
[WhiteElo "2420"]
[BlackElo "2654"]
[TimeControl "180+2"]
[EndTime "13:41:58 PDT"]
[Termination "Game drawn by repetition"]

1. d4 e6 2. c4 Bb4+ 3. Bd2 Qe7 4.
g3 Nf6 5. Bg2 Bxd2+ 6. Qxd2 O-O 7. Nc3 d6 8. Nf3 e5 9. O-O Re8 10. e4 Bg4 11. d5 Bxf3 12. Bxf3 a5 13. a3 Na6 14. Rab1 c5 15. Bg2 Nb8 16. f4 Nbd7 17. Rbe1 Nb6 18. Qd3 Nh5 19. Bf3 Nf6 20. Bg2 Nh5 21.
Qe2 Nf6 22. Bh3 Rf8 23. Qd3 h6 24. fxe5 Qxe5 25. Nb5 Rad8 26. Re2 g6 27. b3 Nh7 28. Bg2 Nd7 29. Qd2 b6 30. Qxh6 Qe7 31. Rf4 Ne5 32. Rh4 f6 33. Rf2 Qg7 34. Qxg7+ Kxg7 35. Rhf4 Nd3 36. R2f3 Nxf4 37. Rxf4 Ng5 38. h4 Nf7 39. Bh3 g5 40. Rf2 Rfe8 41. Be6 Re7 42.
h5 Ne5 43. Bf5 a4 44. bxa4 Nxc4 45. Rh2 Kh6 46. g4 Ne5 47. Rb2 Nc4 48. Rb3 Ra8 49. Nc3 Ra6 50. Kf2 Ne5 51. Bc8 Ra8 52. Bf5 Nc4 53. Ke2 Kg7 54. Kd3 Ne5+ 55. Ke2 Rb7 56. Rb1 Nc4 57. Rb3 Na5 58. Rb1 Nc4 59.
Rb3 Kh6 60. Kd3 Ne5+ 61. Ke2 Nc4 62. Kd3 Ne5+ 63. Ke2 Rbb8 64. Rb1 Ra6 65. Rb3 Ra5 66. Rb1 c4 67. Rb4 Rc5 68. Kd2 Nf3+ 69. Ke3 Ne5 70. Kd2 Kg7 71. Nb5 c3+ 72. Kc2 Nf3 73. Nxd6 Ne1+ 74.
Kc1 Nd3+ 75. Kc2 Nxb4+ 76. axb4 Rc7 77. Nb5 Rc4 78. d6 Rxb4 79. Nxc3 Rd8 80. d7 Rc4 81.
Kd3 Rc7 82. Nd5 Rcxd7 83. Bxd7 Rxd7 84. Kc4 Rd6 85. Kb5 Re6 86. Nc3 Kh6 87. Kc4 Re5 88. Kd4 Ra5 89. Kc4 Kg7 90. Kb4 Re5 91. Kc4 Kf7 92.
Kd4 Ra5 93. Kc4 Rc5+ 94. Kd4 Ra5 95. Kc4 Kg7 96. Kd4 Kf7 97. Kc4 Rc5+ 98. Kd4 Ra5 99. Kc4 Rc5+ 100. Kd4 Ra5 1/2-1/2